 Dungeon Crawl Stone Soup version 0.17-a0-2217-ga280b8d (webtiles) character file.

98 Hedron the Grasshopper (level 4, -1/39 HPs)
             Began as a Naga Warper on Oct 28, 2015.
             Slain by Purgy (4 damage)
             ... in a sewer.
             The game lasted 00:08:31 (2661 turns).

Hedron the Grasshopper (Naga Warper)                Turns: 2661, Time: 00:08:31

Health: -1/39      AC:  2    Str: 13      XL:     4   Next: 71%
Magic:  7/7        EV:  9    Int: 13      God:
Gold:   132        SH:  0    Dex: 10 (12) Spells: 4 memorised, 0 levels left

rFire  . . .     SeeInvis +     a - +0 hand axe
rCold  . . .     Clarity  .     b - +0 leather armour
rNeg   . . .     SustAt   .     (no shield)
rPois  +         Gourm    .     (no helmet)
rElec  .         Spirit   .     (no cloak)
rCorr  .         Warding  .     (no gloves)
rMut   .         Stasis   .     (no barding)
MR     .....                    o - amulet of regeneration
Stlth  +.........               (no ring)
                                (no ring)

@: very slow, not resistant to hostile enchantments, very unstealthy
A: see invisible, deformed body, poison resistance, slowness 2, slow metabolism
1, spit poison 2, AC +1
a: Spit Poison


You were in a sewer.
You were hungry.

You visited 1 branch of the dungeon, and saw 3 of its levels.
You also visited: Sewer.

You collected 132 gold pieces.

Inventory:

Hand Weapons
 a - a +0 hand axe (weapon)
Missiles
 e - 5 tomahawks of dispersal
 j - 6 tomahawks
 n - a javelin (quivered)
Armour
 b - a +0 leather armour (worn)
Jewellery
 o - an amulet of regeneration (around neck)
Wands
 k - a wand of confusion (27)
Scrolls
 d - a scroll of blinking
 g - 2 scrolls of magic mapping
 h - 3 scrolls of teleportation
Potions
 l - a potion of brilliance
Books
 c - a book of Spatial Translocations

   Spells                             Type                      Level
   a - Apportation                    Translocation                1
   b - Blink                          Translocation                2
   c - Shroud of Golubria             Charms/Translocation         2
   d - Portal Projectile              Translocation                3
   e - Teleport Other                 Translocation                3
   f - Passage of Golubria            Translocation                4
Comestibles
 f - 3 bread rations
 m - a meat ration
 q - 5 chunks of flesh


   Skills:
 - Level 2.0 Fighting
 * Level 3.4 Axes
 + Level 1.1 Throwing
 - Level 0.7 Armour
 - Level 1.5 Dodging
 + Level 2.6 Spellcasting
 + Level 3.8 Translocations


You couldn't memorise any spells.
You knew the following spells:

 Your Spells              Type           Power        Failure   Level  Hunger
a - Apportation           Tloc           ##........   8%          1    #......
b - Blink                 Tloc           N/A          12%         2    ###....
c - Shroud of Golubria    Chrm/Tloc      #.........   21%         2    ###....
d - Portal Projectile     Tloc           ##....       21%         3    ###....


Dungeon Overview and Level Annotations

Branches:
Dungeon (3/15)

Altars:

Annotations:
Sewer Purgy


Innate Abilities, Weirdness & Mutations

You cannot wear boots.
Your serpentine skin is tough (AC +1).
You have supernaturally acute eyesight.
Armour fits poorly on your strangely shaped body.
Your system is resistant to poisons.
You cover ground very slowly.
You have a slow metabolism.
You can spit poison.


Message History

Purgy claws you.
You're too confused to move!
Purgy bites you. Purgy claws you. Purgy claws you.
You feel less invigorated.
You feel less confused. Purgy bites you but does no damage. Purgy claws you.
Purgy barely misses you. Purgy bites you. Purgy closely misses you.
Purgy claws you.
You hit Purgy.
Purgy is lightly wounded.
Purgy completely misses you. Purgy claws you. Purgy claws you.
You slash Purgy!
Purgy is moderately wounded.
Purgy bites you but does no damage. Purgy claws you.
* * * LOW HITPOINT WARNING * * *
Purgy barely misses you.
You closely miss Purgy.
Purgy is moderately wounded.
Purgy bites you!
* * * LOW HITPOINT WARNING * * *
Purgy claws you.
You die...

####### ##$.$)$##
#..$[$..#
#..@....#
#.T.....#
#.(.....#
#(......#
##((.(.## ###(###
####### #(#
##.....# #.#
##...≈...
#.#######...≈≈≈..


You could see Purgy.

Vanquished Creatures
  5 adders
  An ooze (D:2)
  A giant gecko (D:3)
  A ball python (D:2)
  11 bats
  8 goblins
  5 hobgoblins
  A quokka (D:2)
  5 giant cockroaches
  2 giant newts
  6 kobolds
  5 rats
51 creatures vanquished.

Notes
Turn   | Place    | Note
--------------------------------------------------------------
     0 | D:1      | Hedron the Naga Warper began the quest for the Orb.
     0 | D:1      | Reached XP level 1. HP: 19/19 MP: 3/3
   449 | D:1      | Reached XP level 2. HP: 10/26 MP: 5/5
   650 | D:1      | Learned a level 2 spell: Blink
   807 | D:1      | Learned a level 2 spell: Shroud of Golubria
  1203 | D:1      | Reached XP level 3. HP: 19/32 MP: 6/6
  2171 | D:2      | Reached skill level 1 in Throwing
  2171 | D:2      | Reached XP level 4. HP: 39/39 MP: 7/7
  2381 | D:2      | Learned a level 3 spell: Portal Projectile
  2468 | D:3      | Found a glowing drain.
  2583 | Sewer    | Entered a sewer
  2609 | Sewer    | Noticed Purgy
  2661 | Sewer    | Slain by Purgy

Vault maps used:
D:1:      erik_arrival_cave_to_civilisation
D:3:      gup_sewer_entry_glass, uniq_sigmund, uniq_robin
Sewer:    sewer_big_baddie

Action                   |  1- 3 |  4- 6 || total
-------------------------+-------+-------++-------
Melee: Hand axe          |   100 |    82 ||   182
Throw: Javelin           |    17 |    10 ||    27
 Cast: Blink             |       |     2 ||     2
       Apportation       |       |     1 ||     1
       Shroud of Golubri |       |     1 ||     1
 Abil: Spit Poison       |     1 |       ||     1
Evoke: Wand              |       |     5 ||     5
  Use: Scroll            |     5 |     1 ||     6
       Potion            |       |     4 ||     4
 Stab: Confused          |       |     4 ||     4
  Eat: Chunk             |     3 |     1 ||     4
